 Dungeon Crawl Stone Soup version 0.31-a0-819-gf6de2f5ab6 (webtiles) character file.

Game seed: 5571032711351010566

122 themarg the Ruffian (level 4, 0/48 HPs)
             Began as a Troll Fighter on Sept 24, 2023.
             Frozen to death by an endoplasm (3 damage)
             ... on level 2 of the Dungeon.
             The game lasted 00:03:03 (1149 turns).

themarg the Ruffian (Troll Fighter)                 Turns: 1149, Time: 00:03:04

Health: 0/48       AC: -12   Str: 26    XL:     4   Next: 78%
Magic:  3/3        EV:  8    Int:  4    God:
Gold:   117        SH:  7    Dex:  9    Spells: 3/3 levels left

rFire   . .          .
                       - Unarmed
rCold   . . .        b - +0 kite shield
rNeg    . . .        a - +0 robe
rPois   .            (helmet restricted)
rElec   .            (no cloak)
rCorr   .            (gloves unavailable)
SInv    .            (boots unavailable)
Will    .....        (no amulet)
Stlth   +            (no ring)
HPRegen 1.08/turn    (no ring)
MPRegen 0.08/turn

%: no passive effects
@: about to teleport, corroded
A: large, unfitting armour, claws 3, regeneration 1, shaggy fur 1, tough skin 1
a: no special abilities


You were on level 2 of the Dungeon.
You visited 1 branch of the dungeon, and saw 2 of its levels.

You collected 117 gold pieces.

Inventory:

Hand Weapons
 e - a +0 flail
Missiles
 g - 8 poisoned darts (quivered)
 i - 19 stones
Armour
 a - a +0 robe (worn)
 b - a +0 kite shield (worn)
Jewellery
 h - a ring of resist corrosion
Scrolls
 d - 2 scrolls of identify {unknown}
 j - 2 scrolls of teleportation
 k - a scroll of immolation {unknown}
 l - 2 scrolls of brand weapon {unknown}
Potions
 c - a potion of might
 f - a potion of curing {unknown}
 m - a potion of resistance {unknown}
 n - a potion of degeneration {unknown}
 o - a potion of heal wounds {unknown}
 p - a potion of lignification {unknown}


   Skills:
 + Level 3.6 Fighting
 - Level 2.4 Dodging
 - Level 2.6 Shields
 + Level 3.8 Unarmed Combat


You had 3 spell levels left.
You didn't know any spells.
Your spell library contained the following spells:

 Spells                   Type           Power      Damage    Failure   Level
 Sting                    Tmut/Pois      0%         1d3       77%         1
 Lesser Beckoning         Tloc           0%         N/A       88%         2
 Poisonous Vapours        Pois/Air       0%         N/A       88%         2
 Gell's Gravitas          Tloc           0%         N/A       98%         3
 Teleport Other           Tloc           0%         N/A       98%         3
 Olgreb's Toxic Radiance  Pois           0%         N/A       100%        4


Dungeon Overview and Level Annotations

Branches:
Dungeon (2/15)

Altars:


Innate Abilities, Weirdness & Mutations

You are too large for most types of armour.
You have claws for hands.
Your natural rate of healing is unusually fast.
You are covered in fur. (AC +1)
You have tough skin. (AC +1)


Message History

The endoplasm closely misses you.
You scratch the endoplasm but do no damage.
The endoplasm is severely wounded.
The endoplasm hits you.
* * * LOW HITPOINT WARNING * * *
You scratch the endoplasm but do no damage.
The endoplasm is severely wounded.
You block the endoplasm's attack.
You scratch the endoplasm.
You kill the endoplasm!
You barely miss the endoplasm. The endoplasm barely misses you.
You claw the endoplasm!
You kill the endoplasm!
Things that are here:
a +0 dagger; a kobold corpse
There is an open door here.
You close the door.
You hear a slurping noise.
The jelly eats the door!
You scratch the jelly. The acid corrodes you!
Your claws burn!
The jelly is moderately wounded.
You block the jelly's attack.
You scratch the jelly. The acid corrodes you!
Your claws burn!
The jelly is heavily wounded.
The jelly hits you.
You are splashed with acid!
* * * LOW HITPOINT WARNING * * *
You scratch the jelly but do no damage.
Your claws burn!
* * * LOW HITPOINT WARNING * * *
The jelly is heavily wounded.
The jelly hits you.
* * * LOW HITPOINT WARNING * * *
You are splashed with acid.
* * * LOW HITPOINT WARNING * * *
You claw the jelly!
You kill the jelly!
As you read the scroll labelled TUWO BOSHIMEATSA, it crumbles to dust.
You feel strangely unstable.
It was a scroll of teleportation.
The endoplasm freezes you.
You are frozen.
You die...

# # # # ### #
#######.##JJ.÷.?#
#####....#.#.#PPPJPP#
#.##.....#.#J#...÷÷.#
##.'......#J#)#...JP÷#
#..'.......@#J#.JJ...#
######..'........#(#J÷..P.#
.)..))..##..)....#.#..÷.J.#
.##########......##'.P.P÷P#
.# ##########......# .#
####### .# .# .#


You could see an endoplasm.

Vanquished Creatures
  2 jellies (D:2)
  2 bats (D:2)
  11 endoplasms
  4 giant cockroaches
  6 goblins
  5 hobgoblins
  11 kobolds
  A quokka (D:1)
  3 ball pythons
  2 frilled lizards
  7 rats
54 creatures vanquished.

Notes
Turn   | Place    | Note
-------+----------+-------------------------------------------
     0 | D:1      | themarg the Troll Fighter began the quest for the Orb.
     0 | D:1      | Reached XP level 1. HP: 22/22 MP: 0/0
   192 | D:1      | Reached XP level 2. HP: 29/29 MP: 1/1
   830 | D:2      | Reached XP level 3. HP: 37/37 MP: 2/2
  1127 | D:2      | Reached XP level 4. HP: 9/45 MP: 3/3
  1147 | D:2      | HP: 1/45 [acid (5)]
  1149 | D:2      | Frozen to death by an endoplasm

Illustrated notes

Levels and vault maps discovered:
D:1:      wander_arrival_estate, layout_loops_cross, minmay_tall_x
D:2:      cheibrodos_fertilizer, layout_basic, minmay_goblin_kobold_house

Skill      XL: |  1  2  3 |
---------------+----------+-----
Fighting       | 3 |  3.6
Unarmed Combat | 3 |  3.8
Dodging        | |  2.4
Shields        | |  2.6

Action                     |  1- 3 |  4- 6 || total
---------------------------+-------+-------++-------
  Melee: Unarmed           |   107 |    12 ||   119
  Throw: Dart              |       |     1 ||     1
    Use: Scroll            |       |     1 ||     1
 Armour: Robe              |    48 |     4 ||    52
  Dodge: Dodged            |    29 |     2 ||    31
  Block: Kite shield       |    19 |     3 ||    22

Table legend: (Time is in decaauts)
 A = Elapsed time spent in this place.
 B = Non-inter-level travel time spent in this place.
 C = Inter-level travel time spent in this place.
 D = Time resting spent in this place.
 E = Time spent auto-exploring this place.
 F = Levels seen in this place.
 G = Mean time per level.
                   A        B        C        D        E       F      G
               +--------+--------+--------+--------+--------+-----+--------+
         Total |   1156 |   1102 |     54 |      0 |    835 |   2 |  578.0 |
       Dungeon |   1156 |   1102 |     54 |      0 |    835 |   2 |  578.0 |
               +--------+--------+--------+--------+--------+-----+--------+

Top non-repeatable levels by time:
     D:1: 786 daAuts
     D:2: 370 daAuts
